 Dungeon Crawl Stone Soup version 0.16-a0-2363-g19e4ded (webtiles) character file.

79 Kraw the Sneak (level 4, -4/29 HPs)
             Began as a Halfling Assassin on Nov 17, 2014.
             Killed from afar by Sigmund (6 damage)
             ... with a puff of flame
             ... on level 4 of the Dungeon.
             The game lasted 00:09:09 (3114 turns).

Kraw the Sneak (Halfling Assassin)                  Turns: 3114, Time: 00:09:09

Health: -4/29      AC:  4    Str: 11    XL:     4   Next: 62%
Magic:  4/4        EV: 14    Int: 10    God:
Gold:   125        SH:  0    Dex: 16    Spells: 0 memorised, 3 levels left

rFire  . . .     SeeInvis .     a - +2 dagger
rCold  . . .     Clarity  .     c - +0 robe
rNeg   . . .     SustAb   .     (no shield)
rPois  .         Gourm    .     (no helmet)
rElec  .         Spirit   .     d - +0 cloak
rCorr  .         Warding  .     (no gloves)
rMut   .         Stasis   .     n - +0 pair of boots
MR     .....                    (no amulet)
Stlth  ++........               (no ring)
                                (no ring)

@: confused, drained, not resistant to hostile enchantments, unstealthy
A: mutation resistance 1
a: no special abilities


You were on level 4 of the Dungeon.
You were not hungry.

You visited 1 branch of the dungeon, and saw 4 of its levels.

You collected 125 gold pieces.

Inventory:

Hand weapons
 a - a +2 dagger (weapon)
 b - a +0 blowgun
Missiles
 e - 10 poisoned needles
 f - 2 curare-tipped needles
 u - 2 tomahawks (quivered)
Armour
 c - a +0 robe (worn)
 d - a +0 cloak (worn)
 n - a +0 pair of boots (worn)
Jewellery
 l - an uncursed ring of protection from magic {unknown}
Magical devices
 s - a wand of magic darts (12)
Scrolls
 h - 8 scrolls of identify {unknown}
 k - a scroll of remove curse {unknown}
 m - a scroll of blinking {unknown}
 q - a scroll of teleportation {unknown}
Potions
 i - a potion of heal wounds {unknown}
 j - a potion of restore abilities {unknown}
 p - a potion of lignification {unknown}
Comestibles
 g - 3 bread rations
 o - 6 fruits
 r - a beef jerky
 t - a meat ration


   Skills:
 - Level 1.7(1.6) Fighting
 + Level 4.2(4.1) Short Blades
 - Level 2.6(2.5) Throwing
 - Level 1.1(1.0) Dodging
 + Level 5.8(5.6) Stealth


You had 3 spell levels left.
You didn't know any spells.

Dungeon Overview and Level Annotations

Branches:
Dungeon (4/15)
 Temple: D:4-7

Altars:
Fedhas
Makhleb
Zin

Annotations:
D:4 Sigmund


Innate Abilities, Weirdness & Mutations

You are small and have problems with some larger weapons.
You are somewhat resistant to further mutation.


Message History

You hit something. You miss something. Something barely misses you.
You hit something. You miss something. Something completely misses you.
You closely miss something. You hit something.
You hear some strange, mumbled words.
You are confused.
You miss something.
Sigmund appears from thin air!
Reactivating autopickup.
Sigmund barely misses you.
You bump into the rock wall.
You closely miss Sigmund.
Sigmund is almost dead.
Sigmund completely misses you.
You closely miss Sigmund.
Sigmund is almost dead.
Sigmund gestures at you while chanting. The puff of flame hits you!
You die...

.##### #..P.♣.♣♣♣♣..#
.....###..P♣P♣♣♣♣.PP#
.......#...PP♣♣...PP#
...PP....#.P.♣♣.PP.##
...♣♣PP..#...P.P..##
..♣♣♣♣♣♣.#)#.P.PP.#
.P♣P♣♣P....##P....#
...♣....#.######.##
...P.P....# #@#
.......#.## #@####
.#####... ##(...###
....##.## #...#...###
.....#. #.(.###...#
...... ###'##.###.#
..... ###.....####.#
.... #A#_..._#2##.#
.. ###.....####.#


You could see Sigmund.

Vanquished Creatures
  An adder (D:4)
  2 worms (D:3)
  A giant gecko (D:3)
  An ooze (D:3)
  8 orcs
  3 giant cockroaches
  5 hobgoblins
  8 kobolds
  7 bats
  2 giant newts
  3 goblins
  4 jackals (D:1)
  6 rats
51 creatures vanquished.

Notes
Turn   | Place    | Note
--------------------------------------------------------------
     0 | D:1      | Kraw, the Halfling Assassin, began the quest for the Orb.
     0 | D:1      | Reached XP level 1. HP: 14/14 MP: 1/1
   149 | D:1      | Noticed a big kobold
   149 | D:1      | Noticed a big kobold
   149 | D:1      | Noticed a big kobold
   150 | D:1      | Noticed a big kobold
   337 | D:1      | Reached XP level 2. HP: 19/19 MP: 2/2
   533 | D:1      | Reached skill level 5 in Stealth
   698 | D:1      | Reached XP level 3. HP: 24/24 MP: 3/3
  1106 | D:2      | Found a blossoming altar of Fedhas.
  2094 | D:3      | Reached XP level 4. HP: 22/29 MP: 4/4
  3023 | D:4      | Found a burning altar of Makhleb.
  3023 | D:4      | Found a glowing silver altar of Zin.
  3024 | D:4      | Noticed an angel
  3024 | D:4      | Noticed a cacodemon
  3064 | D:4      | Noticed Sigmund
  3102 | D:4      | HP: 1/29 [something (2)]
  3114 | D:4      | Killed from afar by Sigmund

Action                   |  1- 3 |  4- 6 || total
-------------------------+-------+-------++-------
Melee: Dagger            |   122 |    67 ||   189
 Fire: Blowgun           |     2 |     8 ||    10
 Stab: Sleeping          |     7 |       ||     7
       Distracted        |     1 |     1 ||     2
  Eat: Chunk             |     2 |     3 ||     5
       Beef jerky        |     1 |       ||     1
